 Dungeon Crawl Stone Soup version 0.29-a0-1008-g949cc1d0fb (webtiles) character file.

Game seed: 117755789691995243

21 siradein the Chopper (level 2, 0/27 HPs)
             Began as a Hill Orc Monk on Aug 8, 2022.
             Slain by Sigmund
             ... wielding a +0 scythe
              (5 damage)
             ... on level 2 of the Dungeon.
             The game lasted 00:02:29 (714 turns).

siradein the Chopper (Hill Orc Monk)                 Turns: 714, Time: 00:02:29

Health: 0/27       AC:  6    Str: 13    XL:     2   Next: 83%
Magic:  2/2        EV: 11    Int: 10    God:
Gold:   69         SH:  0    Dex: 13    Spells: 1/1 levels left

rFire   . . .      SeeInvis .   a - +0 hand axe
rCold   . . .      Faith    .   (no shield)
rNeg    . . .      Spirit   .   i - +0 ring mail
rPois   .          Reflect  .   (no helmet)
rElec   .          Harm     .   (no cloak)
rCorr   .          Rampage  .   (no gloves)
Will    .....                   f - +0 pair of boots
Stlth   +.........              (no amulet)
HPRegen 0.09/turn               (no ring)
MPRegen 0.08/turn               (no ring)

@: brilliant, flying
A: no striking features
a: no special abilities


You were on level 2 of the Dungeon.
You visited 1 branch of the dungeon, and saw 2 of its levels.

You collected 69 gold pieces.

Inventory:

Hand Weapons
 a - a +0 hand axe (weapon)
Armour
 f - a +0 pair of boots (worn)
 i - a +0 ring mail (worn)
Scrolls
 d - a scroll of fear {unknown}
 e - a scroll of poison {unknown}
 h - a scroll of enchant weapon {unknown}


   Skills:
 + Level 4.2 Fighting
 + Level 4.7 Axes
 - Level 2.4 Dodging
 - Level 1.5 Stealth


You had one spell level left.
You didn't know any spells.
Your spell library contained the following spells:

 Spells                   Type           Power      Damage    Failure   Level
 Call Canine Familiar     Summ           0%         N/A       94%         3
 Portal Projectile        Hex/Tloc       0%         N/A       94%         3
 Leda's Liquefaction      Hex/Erth       0%         N/A       100%        4


Dungeon Overview and Level Annotations

Branches:
Dungeon (2/15)

Altars:

Annotations:
D:2 Sigmund


Message History

The jackal is moderately wounded.
The jackal bites you but does no damage.
You barely miss the jackal.
The jackal is moderately wounded.
The jackal misses you.
Sigmund points at you and mumbles some strange words.
The puff of flame hits you!
The jackal bites you but does no damage.
You hit the jackal.
You kill the jackal!
Sigmund hits you from afar with a +0 scythe!
You are too injured to fight recklessly!
You are too injured to fight recklessly!
You are too injured to fight recklessly!
It was a potion of brilliance.
You feel clever all of a sudden.
It was a potion of flight.
You feel very buoyant.
You fly up into the air.
Sigmund hits you from afar with a +0 scythe.
* * * LOW HITPOINT WARNING * * *
You are confused.
You feel invigorated.
Sigmund hits you from afar with a +0 scythe.
* * * LOW HITPOINT WARNING * * *
You feel less invigorated.
You feel less confused. Sigmund barely misses you.
Sigmund hits you from afar with a +0 scythe.
Sigmund hits you from afar with a +0 scythe.
* * * LOW HITPOINT WARNING * * *
Sigmund casts a spell.
Sigmund flickers and vanishes!
Deactivating autopickup; reactivate with Ctrl-A.
Something hits you but does no damage.
You see here a jackal corpse.
You miss something. You hit something. Something hits you but does no damage.
You barely miss something. Something hits you.
You die...

. # ##. ..
###.. .. ...#
#.##..##
##......
...#.{# #.#
#@##
#.###..##
##.......#
#........##
#...........#
#.........###
#..........#
#........#.#
#........#.#


There were no monsters in sight!

Vanquished Creatures
  4 endoplasms
  2 hobgoblins (D:1)
  2 jackals (D:2)
  2 quokkas (D:1)
  A ball python (D:1)
  2 bats (D:1)
  3 frilled lizards (D:1)
  2 kobolds (D:1)
  2 rats (D:1)
20 creatures vanquished.

Notes
Turn   | Place    | Note
-------+----------+-------------------------------------------
     0 | D:1      | siradein the Hill Orc Monk began the quest for the Orb.
     0 | D:1      | Reached XP level 1. HP: 19/19 MP: 1/1
   295 | D:1      | Reached XP level 2. HP: 27/27 MP: 2/2
   698 | D:2      | Noticed Sigmund
   714 | D:2      | Slain by Sigmund

Illustrated notes

Levels and vault maps discovered:
D:1:      eino_arrival_water_cross, layout_rooms
D:2:      layout_rooms, serial_shops, nicolae_lakefront_shop, basic_altar,
          uniq_sigmund

Skill      XL: |  1  2 |
---------------+-------+-----
Fighting       | 4 |  4.2
Axes           | |  4.7
Dodging        | |  2.4
Stealth        | |  1.5

Action                   || total
-------------------------++-------
Melee: Hand axe          ||    63
  Use: Potion            ||     3
Armor: Ring mail         ||    18
       Robe              ||     2
Dodge: Dodged            ||    41

Table legend: (Time is in decaauts)
 A = Elapsed time spent in this place.
 B = Non-inter-level travel time spent in this place.
 C = Inter-level travel time spent in this place.
 D = Time resting spent in this place.
 E = Time spent auto-exploring this place.
 F = Levels seen in this place.
 G = Mean time per level.
                   A        B        C        D        E       F      G
               +--------+--------+--------+--------+--------+-----+--------+
         Total |    717 |    707 |     10 |      0 |    543 |   2 |  358.5 |
       Dungeon |    717 |    707 |     10 |      0 |    543 |   2 |  358.5 |
               +--------+--------+--------+--------+--------+-----+--------+

Top non-repeatable levels by time:
     D:1: 616 daAuts
     D:2: 101 daAuts
